[ AOE2 MATCH · #468027507 ]
Team RMSaracens vs Franks
[ REPLAY ANALYSIS · EXTRACTED FROM THE RECORDED GAME ]
Feudal
11:18
Castle
30:57
Imperial
53:14
| APM avg | 33.5 |
| APM peak | 84 |
| eAPM avg | 15.2 |
| Villagers / military | 169 / 402 |
Focus
⚔️ 32.0% · 🌾 68.0%
Mameluke ×141 · Camel Scout ×102 · Scout Cavalry ×64 · Trade Cart ×36 · Spearman ×30 · Knight ×24
Feudal
9:20
Castle
25:48
Imperial
41:40
| APM avg | 9.2 |
| APM peak | 28 |
| eAPM avg | 7.1 |
| Villagers / military | 152 / 672 |
Focus
⚔️ 42.7% · 🌾 57.3%
Serjeant ×668 · Trade Cart ×33 · Spearman ×3 · Monk ×1
Feudal
10:21
Castle
22:00
Imperial
42:26
| APM avg | 18.9 |
| APM peak | 67 |
| eAPM avg | 11.9 |
| Villagers / military | 93 / 381 |
Focus
⚔️ 53.0% · 🌾 47.0%
Knight ×122 · Scout Cavalry ×96 · Throwing Axeman ×94 · Spearman ×50 · Skirmisher ×11 · Trebuchet (Packed) ×5
Feudal
12:29
Castle
27:08
Imperial
41:27
| APM avg | 14.8 |
| APM peak | 84 |
| eAPM avg | 13.8 |
| Villagers / military | 94 / 509 |
Focus
⚔️ 54.0% · 🌾 46.0%
Spearman ×193 · Fire Lancer ×144 · Knight ×136 · Trade Cart ×19 · War Wagon ×15 · Archer ×10
Feudal
16:22
Castle
27:31
Imperial
46:49
| APM avg | 17.2 |
| APM peak | 60 |
| eAPM avg | 13.4 |
| Villagers / military | 196 / 350 |
Focus
⚔️ 48.0% · 🌾 52.0%
Spearman ×202 · Skirmisher ×86 · Cataphract ×47 · Battering Ram ×7 · Trade Cart ×5 · Scout Cavalry ×4
Feudal
10:56
Castle
22:59
Imperial
37:10
| APM avg | 9.1 |
| APM peak | 41 |
| eAPM avg | 7.7 |
| Villagers / military | 131 / 340 |
Focus
⚔️ 46.5% · 🌾 53.5%
Samurai ×143 · Cavalry Archer ×97 · Spearman ×76 · Trade Cart ×15 · Trebuchet (Packed) ×14 · Battering Ram ×10
Match map
Initial resources + every placement click. Lines = walls · curves = elevation contours. ◆ gold · ⬟ stone · ● berries · ✦ relic · ◌ wall gap
Your base· Open — 4t gap
eric.ashmore's base· Open — unwalled flank
lukasxeneixe03's base· Open — 6t gap
GroaningCoyote3's base· Open — 5t gap
Sigit4n's base· Open — unwalled flank
Barbarian's base· Open — unwalled flank
Smoothed initial terrain · ◌ = detected wall gap · hover for details
Inputs per minute
— [ATA]Woosa - - eric.ashmore
Build order — [ATA]Woosa
First 150 of 487 actions detected
| 0:10 | Build | House |
| 0:12 | Build | House |
| 0:16 | Create | Villager (Male) |
| 0:16 | Create | Villager (Male) |
| 0:17 | Create | Villager (Male) |
| 0:17 | Create | Villager (Male) |
| 0:17 | Create | Villager (Male) |
| 0:20 | Research | Loom |
| 2:01 | Create | Villager (Male) |
| 2:01 | Create | Villager (Male) |
| 3:14 | Create | Villager (Male) |
| 3:14 | Create | Villager (Male) |
| 3:14 | Create | Villager (Male) |
| 3:15 | Create | Villager (Male) |
| 3:15 | Create | Villager (Male) |
| 3:50 | Build | Mining Camp |
| 4:19 | Create | Villager (Male) |
| 4:19 | Create | Villager (Male) |
| 4:25 | Build | House |
| 5:11 | Create | Villager (Male) |
| 5:26 | Build | Lumber Camp |
| 6:58 | Create | Villager (Male) |
| 6:59 | Create | Villager (Male) |
| 6:59 | Create | Villager (Male) |
| 6:59 | Create | Villager (Male) |
| 6:59 | Create | Villager (Male) |
| 7:00 | Create | Villager (Male) |
| 7:00 | Create | Villager (Male) |
| 7:00 | Create | Villager (Male) |
| 7:42 | Build | Mill |
| 8:23 | Create | Villager (Male) |
| 8:28 | Build | House |
| 9:08 | Research | Feudal Age |
| 9:18 | Build | Lumber Camp |
| 11:18 | Age | Feudal Age |
| 11:35 | Build | Mining Camp |
| 11:37 | Create | Villager (Male) |
| 11:37 | Create | Villager (Male) |
| 11:38 | Create | Villager (Male) |
| 11:41 | Research | Wheelbarrow |
| 11:43 | Research | Double-Bit Axe |
| 12:26 | Research | Horse Collar |
| 12:46 | Create | Villager (Male) |
| 12:46 | Create | Villager (Male) |
| 13:08 | Build | Market |
| 13:18 | Build | Blacksmith |
| 13:46 | Build | Barracks |
| 14:40 | Create | Spearman |
| 14:40 | Create | Spearman |
| 14:40 | Create | Spearman |
| 14:40 | Create | Spearman |
| 14:41 | Create | Spearman |
| 14:41 | Create | Spearman |
| 15:14 | Build | House |
| 16:01 | Build | Archery Range |
| 16:15 | Build | House |
| 16:17 | Build | House |
| 16:19 | Create | Villager (Male) ×2 |
| 16:20 | Create | Villager (Male) ×2 |
| 17:26 | Create | Skirmisher |
| 17:26 | Create | Skirmisher |
| 17:27 | Create | Skirmisher |
| 17:27 | Create | Skirmisher |
| 17:40 | Build | Farm |
| 17:41 | Build | Farm |
| 17:41 | Build | Farm |
| 17:41 | Build | Farm |
| 17:41 | Build | Farm |
| 17:42 | Build | Farm |
| 18:06 | Create | Villager (Male) |
| 18:06 | Create | Villager (Male) |
| 18:12 | Build | Farm |
| 18:12 | Build | Farm |
| 18:12 | Build | Farm |
| 18:40 | Build | Farm |
| 18:43 | Build | Farm |
| 18:51 | Create | Spearman |
| 18:54 | Create | Archer |
| 18:54 | Create | Archer |
| 18:54 | Create | Archer |
| 18:58 | Create | Archer |
| 18:58 | Create | Archer |
| 18:59 | Create | Archer |
| 19:12 | Create | Villager (Male) |
| 19:12 | Create | Villager (Male) |
| 19:17 | Create | Spearman |
| 19:41 | Build | House |
| 19:42 | Build | House |
| 19:43 | Build | House |
| 19:44 | Build | House |
| 19:45 | Build | House |
| 20:02 | Research | Forging |
| 20:25 | Research | Fletching |
| 20:49 | Create | Villager (Male) |
| 21:15 | Research | Padded Archer Armor |
| 22:13 | Build | Mining Camp |
| 23:58 | Create | Trade Cart ×5 |
| 23:58 | Create | Trade Cart ×3 |
| 23:58 | Create | Trade Cart ×3 |
| 26:06 | Build | House |
| 26:20 | Build | House |
| 26:21 | Build | House |
| 26:23 | Build | House |
| 26:24 | Build | House |
| 26:25 | Build | House |
| 26:26 | Build | House |
| 26:27 | Build | House |
| 26:30 | Build | House |
| 26:31 | Build | House |
| 26:33 | Build | House |
| 26:34 | Build | House |
| 26:38 | Build | House |
| 26:41 | Create | Spearman |
| 26:42 | Create | Spearman |
| 26:42 | Create | Spearman |
| 26:45 | Create | Spearman |
| 26:45 | Create | Spearman |
| 26:56 | Build | Mining Camp |
| 27:23 | Research | Scale Mail Armor |
| 27:52 | Create | Spearman |
| 27:52 | Create | Spearman |
| 28:02 | Research | Stone Mining |
| 28:04 | Research | Gold Mining |
| 28:17 | Research | Castle Age |
| 28:51 | Create | Spearman |
| 28:51 | Create | Spearman |
| 28:51 | Create | Spearman |
| 29:00 | Create | Spearman |
| 29:00 | Create | Spearman |
| 29:03 | Build | House |
| 29:04 | Build | House |
| 29:06 | Build | House |
| 29:28 | Build | Farm |
| 29:29 | Build | Farm |
| 29:30 | Build | Farm |
| 30:11 | Create | Villager (Male) |
| 30:11 | Create | Villager (Male) |
| 30:12 | Create | Villager (Male) |
| 30:20 | Build | Farm |
| 30:23 | Build | Farm |
| 30:57 | Age | Castle Age |
| 31:59 | Build | Town Center |
| 32:05 | Research | Squires |
| 32:08 | Research | Iron Casting |
| 32:10 | Research | Chain Mail Armor |
| 32:13 | Research | Pikeman (upgrade) |
| 32:29 | Build | Town Center |
| 32:36 | Build | House |
| 32:43 | Create | Villager (Male) ×2 |
| 33:06 | Create | Villager (Male) |
Build order — eric.ashmore
First 150 of 390 actions detected
| 0:07 | Build | House |
| 0:10 | Build | House |
| 0:12 | Create | Villager (Male) ×4 |
| 0:12 | Create | Villager (Male) ×4 |
| 1:02 | Build | Mill |
| 1:55 | Create | Villager (Male) |
| 1:55 | Create | Villager (Male) |
| 2:29 | Create | Villager (Male) |
| 2:57 | Create | Villager (Male) |
| 2:57 | Create | Villager (Male) |
| 2:57 | Create | Villager (Male) |
| 3:17 | Create | Villager (Male) |
| 3:25 | Create | Villager (Male) |
| 3:52 | Create | Villager (Male) |
| 4:10 | Create | Villager (Male) |
| 6:25 | Build | Lumber Camp |
| 6:45 | Build | House |
| 6:49 | Build | House |
| 7:10 | Research | Feudal Age |
| 8:08 | Build | House |
| 8:13 | Build | House |
| 8:20 | Build | Barracks |
| 8:53 | Build | Mining Camp |
| 9:20 | Age | Feudal Age |
| 9:44 | Research | Wheelbarrow |
| 9:45 | Create | Villager (Male) |
| 9:46 | Create | Villager (Male) |
| 9:46 | Create | Villager (Male) |
| 9:46 | Create | Villager (Male) |
| 10:24 | Create | Villager (Male) |
| 10:24 | Create | Villager (Male) |
| 10:24 | Create | Villager (Male) |
| 11:11 | Research | Double-Bit Axe |
| 11:20 | Create | Villager (Male) |
| 12:12 | Create | Villager (Male) |
| 12:33 | Build | Market |
| 12:46 | Build | Blacksmith |
| 13:05 | Build | Mining Camp |
| 13:24 | Create | Villager (Male) |
| 13:24 | Create | Villager (Male) |
| 13:25 | Create | Villager (Male) |
| 13:25 | Create | Villager (Male) |
| 13:47 | Create | Villager (Male) |
| 14:05 | Build | Mining Camp |
| 14:42 | Create | Villager (Male) |
| 15:16 | Create | Villager (Male) |
| 15:19 | Create | Villager (Male) |
| 15:19 | Create | Villager (Male) |
| 15:19 | Create | Villager (Male) |
| 15:23 | Create | Villager (Male) |
| 15:48 | Research | Horse Collar |
| 16:18 | Create | Villager (Male) |
| 16:33 | Build | Farm |
| 16:34 | Build | Farm |
| 16:35 | Build | Farm |
| 16:36 | Build | Farm |
| 16:38 | Build | Farm |
| 16:39 | Build | Farm |
| 16:40 | Build | Farm |
| 16:42 | Build | Farm |
| 16:44 | Build | Farm |
| 16:45 | Build | Farm |
| 17:40 | Create | Villager (Male) |
| 17:53 | Research | Stone Mining |
| 17:54 | Research | Gold Mining |
| 18:05 | Create | Villager (Male) |
| 18:12 | Build | Farm |
| 18:13 | Build | Farm |
| 18:15 | Build | Farm |
| 18:40 | Build | Farm |
| 18:59 | Create | Villager (Male) |
| 19:28 | Create | Villager (Male) |
| 19:35 | Build | House |
| 19:37 | Build | House |
| 19:38 | Build | House |
| 19:40 | Build | House |
| 19:41 | Build | House |
| 19:42 | Build | House |
| 19:44 | Build | House |
| 19:57 | Create | Villager (Male) |
| 20:45 | Create | Spearman |
| 20:46 | Create | Spearman |
| 20:46 | Create | Spearman |
| 20:58 | Build | Donjon |
| 21:57 | Build | Donjon |
| 22:37 | Build | Donjon |
| 23:08 | Research | Castle Age |
| 23:43 | Build | Stable |
| 23:47 | Build | Archery Range |
| 24:13 | Build | Donjon |
| 25:48 | Age | Castle Age |
| 25:54 | Build | Castle |
| 26:08 | Research | Bow Saw |
| 26:11 | Research | Stone Shaft Mining |
| 26:12 | Research | Gold Shaft Mining |
| 26:20 | Create | Trade Cart ×2 |
| 26:57 | Research | Hand Cart |
| 26:58 | Create | Villager (Male) ×5 |
| 26:58 | Create | Villager (Male) ×5 |
| 26:58 | Create | Villager (Male) ×5 |
| 27:59 | Create | Villager (Male) |
| 28:00 | Create | Villager (Male) |
| 28:35 | Build | Town Center |
| 28:55 | Build | Farm |
| 28:59 | Create | Villager (Male) ×2 |
| 28:59 | Create | Villager (Male) ×2 |
| 29:25 | Research | Caravan |
| 29:26 | Create | Trade Cart |
| 29:53 | Build | Stone Wall |
| 30:03 | Build | Stone Wall |
| 30:44 | Create | Villager (Male) ×4 |
| 31:28 | Create | Serjeant ×5 |
| 31:28 | Create | Serjeant ×5 |
| 31:28 | Create | Serjeant ×5 |
| 31:28 | Create | Serjeant ×2 |
| 31:29 | Create | Serjeant ×2 |
| 31:46 | Create | Villager (Male) ×5 |
| 31:46 | Create | Villager (Male) ×5 |
| 31:47 | Create | Villager (Male) ×5 |
| 31:47 | Create | Villager (Male) ×5 |
| 31:47 | Create | Villager (Male) |
| 32:30 | Build | Stone Wall |
| 32:48 | Build | Stone Wall |
| 33:10 | Create | Villager (Male) ×5 |
| 33:10 | Create | Villager (Male) ×5 |
| 33:22 | Build | Mining Camp |
| 33:53 | Build | Donjon |
| 34:12 | Build | Siege Workshop |
| 34:20 | Create | Trade Cart ×5 |
| 34:20 | Create | Trade Cart ×5 |
| 34:20 | Create | Trade Cart ×5 |
| 34:28 | Create | Villager (Male) ×3 |
| 34:29 | Create | Villager (Male) ×3 |
| 34:44 | Build | Monastery |
| 35:05 | Create | Serjeant ×5 |
| 35:06 | Create | Serjeant ×5 |
| 35:06 | Create | Serjeant ×5 |
| 35:06 | Create | Serjeant |
| 35:34 | Build | Donjon |
| 35:56 | Research | Town Watch |
| 36:56 | Build | House |
| 36:57 | Build | House |
| 36:59 | Build | House |
| 36:59 | Build | House |
| 37:01 | Build | House |
| 37:02 | Build | House |
| 37:11 | Create | Monk |
| 37:44 | Build | Gate |
| 38:01 | Research | Imperial Age |
| 38:27 | Build | University |
Build order — lukasxeneixe03
First 150 of 630 actions detected
| 0:03 | Build | House |
| 0:06 | Build | House |
| 0:12 | Create | Villager (Male) |
| 0:12 | Create | Villager (Male) |
| 0:12 | Create | Villager (Male) |
| 0:12 | Create | Villager (Male) |
| 0:13 | Create | Villager (Male) |
| 0:13 | Create | Villager (Male) |
| 1:32 | Build | Mill |
| 1:51 | Create | Villager (Male) |
| 2:21 | Research | Loom |
| 2:39 | Create | Villager (Male) |
| 2:49 | Create | Villager (Male) |
| 3:16 | Create | Villager (Male) |
| 4:03 | Build | Lumber Camp |
| 4:10 | Create | Villager (Male) |
| 4:52 | Create | Villager (Male) |
| 5:13 | Create | Villager (Male) |
| 5:23 | Build | House |
| 5:24 | Build | House |
| 5:44 | Create | Villager (Male) |
| 6:25 | Create | Villager (Male) |
| 6:54 | Create | Villager (Male) |
| 7:16 | Create | Villager (Male) |
| 7:46 | Create | Villager (Male) |
| 7:56 | Build | Barracks |
| 8:07 | Research | Feudal Age |
| 8:39 | Create | Villager (Male) |
| 8:39 | Create | Villager (Male) |
| 8:43 | Create | Villager (Male) |
| 8:44 | Create | Villager (Male) |
| 8:59 | Build | Farm |
| 9:08 | Build | Farm |
| 9:17 | Build | Farm |
| 10:21 | Age | Feudal Age |
| 10:24 | Create | Villager (Male) |
| 10:34 | Build | Stable |
| 10:51 | Build | Mining Camp |
| 11:06 | Research | Double-Bit Axe |
| 11:16 | Create | Villager (Male) |
| 11:36 | Build | House |
| 11:38 | Build | House |
| 11:51 | Create | Villager (Male) |
| 11:56 | Create | Scout Cavalry |
| 11:56 | Create | Scout Cavalry |
| 11:56 | Create | Scout Cavalry |
| 11:56 | Create | Scout Cavalry |
| 12:20 | Build | Farm |
| 12:22 | Build | Farm |
| 12:36 | Build | House |
| 12:47 | Create | Villager (Male) |
| 12:54 | Create | Scout Cavalry |
| 13:14 | Build | Farm |
| 13:17 | Build | Farm |
| 13:31 | Create | Villager (Male) |
| 13:33 | Create | Villager (Male) |
| 13:55 | Build | Farm |
| 13:57 | Build | Farm |
| 14:02 | Build | Farm |
| 14:03 | Create | Villager (Male) |
| 15:00 | Create | Spearman |
| 15:01 | Create | Spearman |
| 15:55 | Create | Villager (Male) |
| 15:56 | Create | Villager (Male) |
| 16:06 | Build | Market |
| 16:14 | Build | Blacksmith |
| 16:18 | Create | Villager (Male) |
| 16:54 | Create | Villager (Male) |
| 16:58 | Build | Farm |
| 17:27 | Build | Farm |
| 17:31 | Create | Villager (Male) |
| 17:46 | Build | House |
| 17:49 | Build | House |
| 18:52 | Build | House |
| 18:54 | Build | House |
| 18:55 | Research | Forging |
| 19:02 | Build | Farm |
| 19:05 | Build | House |
| 19:06 | Build | House |
| 19:20 | Research | Castle Age |
| 19:26 | Research | Scale Barding Armor |
| 19:35 | Build | House |
| 19:36 | Build | House |
| 19:38 | Build | House |
| 19:39 | Build | House |
| 19:42 | Build | House |
| 20:25 | Build | Stable |
| 20:57 | Research | Gold Mining |
| 21:06 | Research | Wheelbarrow |
| 21:35 | Build | Archery Range |
| 22:00 | Age | Castle Age |
| 22:03 | Create | Knight |
| 22:04 | Create | Knight |
| 22:04 | Create | Knight |
| 22:28 | Build | House |
| 22:29 | Build | House |
| 22:37 | Build | Lumber Camp |
| 23:46 | Research | Hand Cart |
| 23:51 | Build | Watch Tower |
| 24:15 | Build | University |
| 24:36 | Research | Iron Casting |
| 25:00 | Create | Knight |
| 25:01 | Create | Knight |
| 26:19 | Research | Bow Saw |
| 26:20 | Create | Villager (Male) |
| 26:21 | Create | Villager (Male) |
| 26:25 | Create | Villager (Male) |
| 26:25 | Create | Villager (Male) |
| 26:40 | Create | Knight |
| 26:40 | Create | Knight |
| 26:40 | Create | Knight |
| 26:47 | Research | Husbandry |
| 27:25 | Build | Mining Camp |
| 27:39 | Create | Knight |
| 27:39 | Create | Knight |
| 27:39 | Create | Knight |
| 27:43 | Build | Farm |
| 28:00 | Build | Monastery |
| 28:06 | Research | Chain Barding Armor |
| 28:11 | Build | House |
| 28:12 | Build | House |
| 28:27 | Create | Knight |
| 28:27 | Create | Knight |
| 28:27 | Create | Knight |
| 28:58 | Create | Villager (Male) |
| 28:58 | Create | Villager (Male) |
| 29:01 | Research | Town Watch |
| 29:07 | Research | Stone Mining |
| 29:24 | Create | Villager (Male) |
| 29:29 | Create | Knight |
| 29:29 | Create | Knight |
| 29:30 | Create | Knight |
| 29:42 | Build | Town Center |
| 30:29 | Create | Skirmisher |
| 30:32 | Create | Knight |
| 30:32 | Create | Knight |
| 30:33 | Create | Knight |
| 30:33 | Create | Knight |
| 31:22 | Create | Knight |
| 31:23 | Create | Knight |
| 31:51 | Create | Monk |
| 32:04 | Research | Elite Skirmisher (upgrade) |
| 32:05 | Create | Skirmisher |
| 32:05 | Create | Skirmisher |
| 32:05 | Create | Skirmisher |
| 32:06 | Create | Skirmisher |
| 32:06 | Create | Skirmisher |
| 32:25 | Build | Farm |
| 32:34 | Create | Monk |
| 32:50 | Create | Villager (Male) |
Build order — GroaningCoyote3
First 150 of 788 actions detected
| 0:23 | Build | House |
| 0:28 | Build | House |
| 0:32 | Build | House |
| 0:47 | Research | Loom |
| 0:48 | Create | Villager (Male) |
| 0:49 | Create | Villager (Male) |
| 0:49 | Create | Villager (Male) |
| 0:49 | Create | Villager (Male) |
| 0:50 | Create | Villager (Male) |
| 0:50 | Create | Villager (Male) |
| 1:00 | Build | Mill |
| 1:10 | Build | House |
| 3:03 | Create | Villager (Male) |
| 3:03 | Create | Villager (Male) |
| 3:31 | Create | Villager (Male) |
| 4:18 | Create | Villager (Male) |
| 4:18 | Create | Villager (Male) |
| 4:55 | Create | Villager (Male) |
| 4:55 | Create | Villager (Male) |
| 5:49 | Create | Villager (Male) |
| 5:49 | Create | Villager (Male) |
| 6:11 | Build | Lumber Camp |
| 6:17 | Create | Villager (Male) |
| 6:17 | Create | Villager (Male) |
| 6:38 | Create | Villager (Male) |
| 6:38 | Create | Villager (Male) |
| 8:12 | Build | Mining Camp |
| 8:16 | Create | Villager (Male) |
| 9:02 | Build | House |
| 9:07 | Build | House |
| 9:33 | Build | Mill |
| 10:19 | Research | Feudal Age |
| 11:29 | Build | Mining Camp |
| 12:21 | Create | Villager (Male) |
| 12:21 | Create | Villager (Male) |
| 12:22 | Create | Villager (Male) |
| 12:22 | Create | Villager (Male) |
| 12:29 | Age | Feudal Age |
| 12:44 | Research | Double-Bit Axe |
| 13:07 | Build | Stone Wall |
| 13:36 | Build | Barracks |
| 13:44 | Create | Villager (Male) |
| 13:44 | Create | Villager (Male) |
| 13:44 | Create | Villager (Male) |
| 13:45 | Create | Villager (Male) |
| 13:45 | Create | Villager (Male) |
| 13:45 | Create | Villager (Male) |
| 14:40 | Build | Gate |
| 14:50 | Build | Stable |
| 14:58 | Create | Villager (Male) |
| 14:58 | Create | Villager (Male) |
| 15:05 | Build | Farm |
| 15:11 | Build | Farm |
| 15:16 | Build | Farm |
| 15:56 | Build | Archery Range |
| 16:17 | Create | Scout Cavalry |
| 16:49 | Research | Horse Collar |
| 16:56 | Create | Villager (Male) |
| 16:56 | Create | Villager (Male) |
| 16:56 | Create | Villager (Male) |
| 16:56 | Create | Villager (Male) |
| 16:57 | Create | Villager (Male) |
| 17:08 | Build | House |
| 17:11 | Build | House |
| 17:28 | Build | Gate |
| 17:39 | Create | Spearman |
| 17:40 | Create | Spearman |
| 17:40 | Create | Spearman |
| 17:40 | Create | Spearman |
| 17:40 | Create | Spearman |
| 17:41 | Create | Spearman |
| 18:02 | Build | Watch Tower |
| 18:12 | Create | Spearman |
| 18:12 | Create | Spearman |
| 18:13 | Create | Spearman |
| 18:13 | Create | Spearman |
| 18:13 | Create | Spearman |
| 18:57 | Build | House |
| 19:05 | Build | House |
| 19:10 | Build | Stone Wall |
| 19:31 | Build | Farm |
| 19:38 | Build | Farm |
| 19:44 | Build | Farm |
| 20:03 | Create | Archer |
| 20:04 | Create | Archer |
| 20:04 | Create | Archer |
| 20:04 | Create | Archer |
| 20:04 | Create | Archer |
| 20:05 | Create | Archer |
| 20:05 | Create | Archer |
| 20:16 | Build | Farm |
| 20:22 | Build | Farm |
| 20:27 | Build | Farm |
| 20:40 | Build | Farm |
| 20:46 | Build | Lumber Camp |
| 20:55 | Build | Watch Tower |
| 21:00 | Build | Watch Tower |
| 21:10 | Research | Gold Mining |
| 21:31 | Build | Lumber Camp |
| 22:56 | Build | Stone Wall |
| 23:16 | Build | Market |
| 23:38 | Build | Watch Tower |
| 24:04 | Build | Stone Wall |
| 24:28 | Research | Castle Age |
| 24:32 | Research | Town Watch |
| 25:10 | Build | Stone Wall |
| 25:34 | Build | Stone Wall |
| 25:55 | Build | Archery Range |
| 26:44 | Research | Wheelbarrow |
| 27:08 | Age | Castle Age |
| 27:12 | Create | Villager (Male) |
| 27:12 | Create | Villager (Male) |
| 27:12 | Create | Villager (Male) |
| 27:12 | Create | Villager (Male) |
| 27:13 | Create | Villager (Male) |
| 27:13 | Create | Villager (Male) |
| 27:13 | Create | Villager (Male) |
| 27:28 | Build | Farm |
| 27:32 | Build | Farm |
| 27:37 | Build | Farm |
| 28:05 | Build | Town Center |
| 28:26 | Build | Town Center |
| 28:43 | Build | Gate |
| 28:55 | Build | Farm |
| 29:24 | Research | Hand Cart |
| 30:02 | Research | Pikeman (upgrade) |
| 30:04 | Create | Spearman |
| 30:04 | Create | Spearman |
| 30:04 | Create | Spearman |
| 30:05 | Create | Spearman |
| 30:41 | Build | Castle |
| 30:54 | Research | Squires |
| 30:55 | Create | Spearman |
| 30:55 | Create | Spearman |
| 30:55 | Create | Spearman |
| 30:55 | Create | Spearman |
| 30:56 | Create | Spearman |
| 31:28 | Build | House |
| 31:32 | Build | House |
| 31:36 | Build | House |
| 31:46 | Create | Spearman |
| 31:47 | Create | Spearman |
| 31:47 | Create | Spearman |
| 32:01 | Create | Villager (Male) |
| 32:02 | Create | Villager (Male) |
| 32:02 | Create | Villager (Male) |
| 32:02 | Create | Villager (Male) |
| 32:03 | Create | Villager (Male) |
| 32:11 | Create | Archer |
| 32:12 | Create | Archer |
Build order — Sigit4n
First 150 of 785 actions detected
| 0:03 | Create | Villager (Male) |
| 0:03 | Create | Villager (Male) |
| 0:03 | Create | Villager (Male) |
| 0:03 | Create | Villager (Male) |
| 0:37 | Build | House |
| 0:50 | Build | House |
| 2:24 | Create | Villager (Male) |
| 2:54 | Create | Villager (Male) |
| 3:16 | Create | Villager (Male) |
| 3:28 | Build | Mill |
| 3:34 | Create | Villager (Male) |
| 4:02 | Create | Villager (Male) |
| 4:47 | Create | Villager (Male) |
| 5:28 | Create | Villager (Male) |
| 5:43 | Build | Lumber Camp |
| 5:57 | Build | House |
| 5:59 | Build | House |
| 6:04 | Create | Villager (Male) |
| 7:00 | Create | Villager (Male) |
| 7:12 | Create | Villager (Male) |
| 7:31 | Create | Villager (Male) |
| 8:23 | Create | Villager (Male) |
| 8:32 | Create | Villager (Male) |
| 8:37 | Create | Villager (Male) |
| 8:54 | Create | Villager (Male) |
| 9:44 | Build | Barracks |
| 9:51 | Create | Villager (Male) |
| 10:06 | Build | Lumber Camp |
| 10:45 | Create | Villager (Male) |
| 12:38 | Create | Villager (Male) |
| 14:07 | Create | Villager (Male) |
| 14:12 | Research | Feudal Age |
| 14:13 | Research | Loom |
| 15:19 | Create | Villager (Male) |
| 15:56 | Build | Farm |
| 15:59 | Build | Farm |
| 16:22 | Build | House |
| 16:22 | Age | Feudal Age |
| 16:24 | Build | House |
| 16:28 | Build | House |
| 16:29 | Build | House |
| 16:39 | Research | Wheelbarrow |
| 16:40 | Create | Villager (Male) |
| 16:40 | Create | Villager (Male) |
| 16:43 | Research | Horse Collar |
| 16:57 | Build | Farm |
| 16:58 | Build | Farm |
| 17:00 | Build | Farm |
| 17:14 | Create | Villager (Male) |
| 17:43 | Build | Blacksmith |
| 18:03 | Build | Market |
| 18:09 | Create | Villager (Male) |
| 18:19 | Build | Farm |
| 18:20 | Build | Farm |
| 18:33 | Build | Farm |
| 18:38 | Build | House |
| 18:39 | Build | House |
| 18:41 | Build | House |
| 18:43 | Build | House |
| 18:52 | Build | Mining Camp |
| 19:10 | Research | Forging |
| 19:17 | Create | Villager (Male) |
| 19:24 | Build | Farm |
| 19:27 | Create | Villager (Male) |
| 19:43 | Research | Double-Bit Axe |
| 19:46 | Create | Villager (Male) |
| 19:51 | Build | Farm |
| 20:18 | Create | Villager (Male) |
| 20:22 | Build | Farm |
| 20:28 | Create | Villager (Male) |
| 20:28 | Create | Villager (Male) |
| 20:35 | Build | House |
| 20:38 | Build | House |
| 20:39 | Build | House |
| 20:43 | Build | House |
| 20:44 | Build | House |
| 20:57 | Build | Farm |
| 20:58 | Create | Villager (Male) |
| 21:15 | Build | Farm |
| 21:20 | Create | Villager (Male) |
| 21:36 | Build | Farm |
| 21:38 | Build | Farm |
| 21:42 | Build | Farm |
| 21:45 | Build | Farm |
| 21:57 | Research | Gold Mining |
| 21:58 | Research | Stone Mining |
| 22:05 | Build | Lumber Camp |
| 22:13 | Build | Farm |
| 22:45 | Build | Farm |
| 23:04 | Build | Archery Range |
| 23:08 | Build | Stable |
| 23:20 | Build | Lumber Camp |
| 23:27 | Create | Villager (Male) |
| 23:28 | Create | Villager (Male) |
| 24:17 | Create | Villager (Male) |
| 24:23 | Build | Farm |
| 24:40 | Research | Scale Barding Armor |
| 24:41 | Research | Scale Mail Armor |
| 24:43 | Research | Fletching |
| 24:51 | Research | Castle Age |
| 24:52 | Create | Villager (Male) |
| 26:02 | Build | Stable |
| 26:05 | Build | Stable |
| 26:06 | Build | Stable |
| 26:08 | Build | Stable |
| 26:11 | Build | Stable |
| 26:54 | Create | Villager (Male) |
| 27:08 | Create | Trade Cart |
| 27:11 | Create | Trade Cart |
| 27:31 | Age | Castle Age |
| 27:44 | Build | Mining Camp |
| 27:55 | Research | Heavy Plow |
| 27:59 | Research | Bow Saw |
| 28:03 | Research | Gold Shaft Mining |
| 28:04 | Research | Stone Shaft Mining |
| 28:45 | Research | Hand Cart |
| 28:50 | Create | Villager (Male) |
| 28:51 | Create | Villager (Male) |
| 29:22 | Build | Farm |
| 29:34 | Research | Light Cavalry (upgrade) |
| 29:53 | Build | Farm |
| 29:57 | Build | Farm |
| 29:58 | Build | Farm |
| 30:03 | Build | Farm |
| 30:06 | Build | Farm |
| 30:14 | Build | Farm |
| 30:23 | Create | Villager (Male) |
| 30:24 | Create | Villager (Male) |
| 30:25 | Create | Villager (Male) |
| 30:26 | Create | Villager (Male) |
| 31:06 | Build | Town Center |
| 31:17 | Build | Farm |
| 31:34 | Create | Villager (Male) |
| 31:34 | Create | Villager (Male) |
| 31:35 | Create | Villager (Male) |
| 31:35 | Create | Villager (Male) |
| 31:50 | Create | Scout Cavalry |
| 31:50 | Create | Scout Cavalry |
| 31:51 | Create | Scout Cavalry |
| 31:51 | Create | Scout Cavalry |
| 32:38 | Build | Farm |
| 32:40 | Build | Farm |
| 32:42 | Build | Farm |
| 32:44 | Build | Farm |
| 32:46 | Build | Farm |
| 32:50 | Build | Farm |
| 33:22 | Create | Villager (Male) |
| 33:23 | Create | Villager (Male) |
| 33:23 | Create | Villager (Male) |
| 33:24 | Create | Villager (Male) |
Build order — Barbarian
First 150 of 349 actions detected
| 0:01 | Create | Villager (Male) |
| 0:01 | Create | Villager (Male) |
| 0:02 | Create | Villager (Male) |
| 0:06 | Build | House |
| 0:08 | Build | House |
| 1:14 | Create | Villager (Male) |
| 1:43 | Create | Villager (Male) |
| 2:14 | Create | Villager (Male) |
| 2:21 | Build | Mill |
| 2:31 | Create | Villager (Male) |
| 2:54 | Create | Villager (Male) |
| 3:02 | Build | House |
| 3:30 | Create | Villager (Male) |
| 3:45 | Create | Villager (Male) |
| 4:07 | Create | Villager (Male) |
| 4:13 | Research | Loom |
| 4:16 | Create | Villager (Male) |
| 4:47 | Create | Villager (Male) |
| 5:16 | Create | Villager (Male) |
| 5:36 | Create | Villager (Male) |
| 5:41 | Build | Lumber Camp |
| 6:05 | Create | Villager (Male) |
| 6:05 | Create | Villager (Male) |
| 6:55 | Create | Villager (Male) |
| 7:25 | Build | House |
| 7:28 | Build | House |
| 7:29 | Build | House |
| 8:00 | Create | Villager (Male) |
| 8:36 | Research | Feudal Age |
| 8:52 | Build | Mining Camp |
| 9:05 | Build | Mining Camp |
| 9:27 | Create | Villager (Male) |
| 10:23 | Build | Barracks |
| 10:56 | Age | Feudal Age |
| 11:13 | Research | Wheelbarrow |
| 11:21 | Build | Blacksmith |
| 11:58 | Build | Market |
| 12:24 | Build | House |
| 12:30 | Build | House |
| 12:34 | Create | Villager (Male) ×5 |
| 12:43 | Research | Horse Collar |
| 12:52 | Research | Double-Bit Axe |
| 14:29 | Create | Villager (Male) |
| 14:48 | Build | Farm |
| 14:50 | Build | Farm |
| 14:55 | Build | Farm |
| 14:57 | Build | Farm |
| 14:58 | Build | Farm |
| 15:00 | Build | Farm |
| 15:05 | Create | Villager (Male) |
| 15:12 | Build | Farm |
| 15:47 | Build | Farm |
| 15:50 | Research | Town Watch |
| 15:57 | Research | Fletching |
| 16:14 | Create | Villager (Male) |
| 16:14 | Create | Villager (Male) |
| 17:00 | Create | Villager (Male) ×3 |
| 17:07 | Build | Lumber Camp |
| 17:18 | Build | Farm |
| 17:35 | Build | Farm |
| 17:46 | Build | Farm |
| 18:09 | Create | Villager (Male) |
| 18:16 | Build | Farm |
| 18:26 | Build | Farm |
| 18:33 | Build | Farm |
| 18:54 | Create | Villager (Male) |
| 19:01 | Build | House |
| 19:16 | Build | House |
| 19:18 | Build | House |
| 19:21 | Build | House |
| 19:23 | Build | House |
| 19:24 | Build | House |
| 19:52 | Build | Farm |
| 20:01 | Build | Farm |
| 20:03 | Build | Farm |
| 20:08 | Build | Farm |
| 20:13 | Build | Farm |
| 20:19 | Research | Castle Age |
| 20:31 | Research | Forging |
| 20:34 | Research | Scale Mail Armor |
| 20:35 | Research | Scale Barding Armor |
| 20:43 | Research | Arson |
| 21:17 | Create | Trade Cart ×5 |
| 21:42 | Create | Spearman ×5 |
| 22:03 | Research | Fletching |
| 22:08 | Research | Padded Archer Armor |
| 22:20 | Build | House |
| 22:24 | Build | Lumber Camp |
| 22:30 | Create | Villager (Male) ×5 |
| 22:43 | Build | Lumber Camp |
| 22:59 | Age | Castle Age |
| 23:20 | Build | Castle |
| 23:50 | Create | Villager (Male) ×5 |
| 24:39 | Build | Town Center |
| 25:01 | Create | Samurai ×5 |
| 26:36 | Build | Town Center |
| 26:47 | Build | Town Center |
| 26:55 | Create | Villager (Male) ×5 |
| 27:40 | Create | Villager (Male) ×5 |
| 27:54 | Create | Villager (Male) ×5 |
| 27:55 | Create | Villager (Male) ×5 |
| 27:55 | Create | Villager (Male) ×5 |
| 27:56 | Create | Villager (Male) ×2 |
| 27:59 | Create | Villager (Male) ×5 |
| 27:59 | Create | Villager (Male) ×5 |
| 28:00 | Create | Villager (Male) ×5 |
| 28:05 | Build | Farm |
| 28:10 | Build | Farm |
| 28:13 | Build | Farm |
| 28:29 | Build | Mining Camp |
| 28:42 | Create | Villager (Male) ×5 |
| 30:01 | Build | Town Center |
| 30:21 | Research | Hand Cart |
| 30:27 | Research | Town Patrol |
| 30:33 | Research | Chain Mail Armor |
| 30:40 | Research | Squires |
| 31:26 | Build | Farm |
| 31:34 | Build | Farm |
| 31:49 | Create | Villager (Male) ×5 |
| 32:10 | Build | Mill |
| 32:20 | Build | Farm |
| 32:40 | Build | Lumber Camp |
| 32:49 | Build | Farm |
| 32:53 | Build | Farm |
| 32:58 | Build | Farm |
| 33:03 | Build | Farm |
| 33:08 | Build | Farm |
| 33:11 | Build | Farm |
| 33:16 | Build | Farm |
| 33:36 | Research | Imperial Age |
| 33:50 | Build | Farm |
| 34:01 | Build | Lumber Camp |
| 34:15 | Build | House |
| 34:27 | Research | Bow Saw |
| 34:29 | Research | Heavy Plow |
| 34:44 | Build | University |
| 35:01 | Build | House |
| 35:04 | Build | House |
| 35:07 | Build | House |
| 35:08 | Build | House |
| 35:10 | Build | House |
| 35:13 | Build | House |
| 35:14 | Build | House |
| 35:27 | Research | Treadmill Crane |
| 35:30 | Research | Ballistics |
| 35:36 | Research | Murder Holes |
| 36:00 | Research | Iron Casting |
| 36:01 | Research | Bodkin Arrow |
| 36:02 | Research | Chain Barding Armor |
| 36:03 | Research | Leather Archer Armor |
Match timeline
| 7:56 | lukasxeneixe03 · first_building Barracks |
| 8:20 | eric.ashmore · first_building Barracks |
| 9:20 | eric.ashmore · age_up feudal |
| 9:44 | Sigit4n · first_building Barracks |
| 10:21 | lukasxeneixe03 · age_up feudal |
| 10:23 | Barbarian · first_building Barracks |
| 10:34 | lukasxeneixe03 · first_building Stable |
| 10:56 | Barbarian · age_up feudal |
| 11:18 | [ATA]Woosa · age_up feudal |
| 12:29 | GroaningCoyote3 · age_up feudal |
| 13:07 | GroaningCoyote3 · wall_segment Stone Wall x19 |
| 13:36 | GroaningCoyote3 · first_building Barracks |
| 13:46 | [ATA]Woosa · first_building Barracks |
| 14:50 | GroaningCoyote3 · first_building Stable |
| 15:56 | GroaningCoyote3 · first_building Archery Range |
| 16:01 | [ATA]Woosa · first_building Archery Range |
| 16:22 | Sigit4n · age_up feudal |
| 17:38 | lukasxeneixe03 · first_market_buy 100 food |
| 19:10 | GroaningCoyote3 · wall_segment Stone Wall x1 |
| 20:58 | eric.ashmore · first_building Donjon |
| 21:35 | lukasxeneixe03 · first_building Archery Range |
| 22:00 | lukasxeneixe03 · age_up castle |
| 22:56 | GroaningCoyote3 · wall_segment Stone Wall x5 |
| 22:59 | Barbarian · age_up castle |
| 23:04 | Sigit4n · first_building Archery Range |
| 23:08 | Sigit4n · first_building Stable |
| 23:20 | Barbarian · first_building Castle |
| 23:43 | eric.ashmore · first_building Stable |
| 23:47 | eric.ashmore · first_building Archery Range |
| 24:04 | GroaningCoyote3 · wall_segment Stone Wall x8 |
| 24:21 | GroaningCoyote3 · first_market_buy 100 food |
| 25:10 | GroaningCoyote3 · wall_segment Stone Wall x15 |
| 25:34 | [ATA]Woosa · first_market_sell 100 wood |
| 25:34 | GroaningCoyote3 · wall_segment Stone Wall x11 |
| 25:48 | eric.ashmore · age_up castle |
| 25:54 | eric.ashmore · first_building Castle |
| 27:08 | GroaningCoyote3 · age_up castle |
| 27:31 | Sigit4n · age_up castle |
| 28:00 | lukasxeneixe03 · first_building Monastery |
| 29:53 | eric.ashmore · wall_segment Stone Wall x23 |
| 30:03 | eric.ashmore · wall_segment Stone Wall x49 |
| 30:22 | [ATA]Woosa · first_market_buy 100 wood |
| 30:41 | GroaningCoyote3 · first_building Castle |
| 30:57 | [ATA]Woosa · age_up castle |
| 31:30 | lukasxeneixe03 · first_market_sell 100 wood |
| 32:30 | eric.ashmore · wall_segment Stone Wall x15 |
| 32:40 | GroaningCoyote3 · wall_segment Stone Wall x9 |
| 32:48 | eric.ashmore · wall_segment Stone Wall x13 |
| 34:12 | eric.ashmore · first_building Siege Workshop |
| 34:44 | eric.ashmore · first_building Monastery |
| 35:25 | [ATA]Woosa · wall_segment Stone Wall x11 |
| 36:42 | Sigit4n · wall_segment Stone Wall x14 |
| 37:10 | Barbarian · age_up imperial |
| 37:45 | GroaningCoyote3 · first_market_sell 100 wood |
| 38:10 | Sigit4n · wall_segment Stone Wall x5 |
| 39:31 | lukasxeneixe03 · first_building Castle |
| 40:04 | GroaningCoyote3 · wall_segment Stone Wall x10 |
| 40:57 | [ATA]Woosa · first_building Monastery |
| 41:03 | Sigit4n · first_building Castle |
| 41:27 | GroaningCoyote3 · age_up imperial |
| 41:40 | eric.ashmore · age_up imperial |
| 41:59 | Barbarian · first_building Archery Range |
| 42:26 | lukasxeneixe03 · age_up imperial |
| 42:29 | [ATA]Woosa · first_building Stable |
| 42:51 | [ATA]Woosa · first_building Castle |
| 43:04 | Sigit4n · first_building Siege Workshop |
| 44:21 | GroaningCoyote3 · first_building Monastery |
| 46:27 | GroaningCoyote3 · wall_segment Stone Wall x15 |
| 46:49 | Sigit4n · age_up imperial |
| 49:19 | Barbarian · first_building Monastery |
| 51:38 | Barbarian · first_building Siege Workshop |
| 53:14 | [ATA]Woosa · age_up imperial |
| 62:04 | eric.ashmore · wall_segment Stone Wall x9 |
| 64:29 | [ATA]Woosa · first_building Siege Workshop |
| 72:11 | eric.ashmore · wall_segment Stone Wall x8 |
| 76:26 | Sigit4n · first_market_sell 100 wood |
| 77:54 | lukasxeneixe03 · resign |
| 79:12 | Barbarian · first_market_sell 500 food |
[ AI ANALYSIS · 1 CREDIT ]
What really happened in this match?
Wolo.gg analyzes every decision: build order, eco, micro, common mistakes by bracket. Personalized analysis on WhatsApp or Discord in 30 seconds.
Civ guide
Saracens
Map guide
Arabia
Perfil
Jugador #2372657